[Event "FIDE WYCC Open U18 2023"]
[Site "Montesilvano"]
[Date "2023.11.18"]
[Round "6.32"]
[White "Israilov, Agil"]
[Black "Orozbaev, Eldiar"]
[Result "0-1"]
[ECO "B33"]
[WhiteElo "2070"]
[BlackElo "2278"]
[Annotator "RC"]
[PlyCount "58"]
[EventDate "2023.11.13"]
[EventType "swiss"]
[EventCountry "ITA"]
[SourceTitle "playchess.com"]
[Source "ChessBase"]
[SourceQuality "1"]
[TimeControl "40/5400+30:1800+30"]

1. e4 c5 2. Nf3 Nc6 3. d4 cxd4 4. Nxd4 Qb6 5. Nb3 Nf6 6. Nc3 e6 7. Be3 Qc7 8. Bd3 Bb4 9. O-O Bxc3 10. bxc3 d5 11. exd5 Nxd5 12. Bd2 O-O 13. Re1 Nf4 14. Be4 Ng6 15. Qh5 Nce5 16. Rad1 f5 17. Bd3 Bd7 18. Nd4 Rae8 19. Nb5 Qb8 20. Nd4 a6 21. Re2 Nxd3 22. cxd3 f4 23. Qa5 e5 24. Nf3 Bc6 25. Ne1 f3 26. Nxf3 Rxf3 27. gxf3 Bxf3 28. Rde1 Qc8 29. Qa4 Qh3 0-1

[Event "FIDE WYCC Open U18 2023"]
[Site "Montesilvano"]
[Date "2023.11.20"]
[Round "7.1"]
[White "Pasti, Aron"]
[Black "Popov, Konstantin"]
[Result "*"]
[ECO "B90"]
[WhiteElo "2397"]
[BlackElo "2345"]
[Annotator "RC"]
[PlyCount "74"]
[EventDate "2023.11.13"]
[EventType "swiss"]
[EventCountry "ITA"]
[SourceTitle "playchess.com"]
[Source "ChessBase"]
[SourceQuality "1"]
[TimeControl "40/5400+30:1800+30"]

1. e4 c5 2. Nf3 d6 3. d4 cxd4 4. Nxd4 Nf6 5. Nc3 a6 6. h3 g6 7. g4 Bg7 8. Bg2 Nfd7 9. Be3 Nc6 10. O-O h5 11. g5 O-O 12. Nce2 Qc7 13. c3 e5 14. Nf3 b5 15. Nh4 Nc5 16. f4 exf4 17. Nxf4 Ne7 18. e5 dxe5 19. Nd5 Nxd5 20. Qxd5 Nb7 21. Nxg6 Be6 22. Qxb7 Qxb7 23. Bxb7 fxg6 24. Bxa8 Rxa8 25. Kg2 Bf8 26. Rf6 Bf5 27. Kg3 Be7 28. Rb6 Bd8 29. Rc6 Be4 30. Rd6 Be7 31. Rd7 Kf8 32. Rad1 Rc8 33. Ra7 Bf5 34. Rxa6 Rc4 35. Rd5 h4+ 36. Kf2 b4 37. Rxe5 Bxh3 *

[Event "FIDE WYCC Open U18 2023"]
[Site "Montesilvano"]
[Date "2023.11.20"]
[Round "7.2"]
[White "Olsson, William"]
[Black "Murzin, Volodar"]
[Result "1/2-1/2"]
[ECO "A21"]
[WhiteElo "2372"]
[BlackElo "2625"]
[Annotator "TA"]
[PlyCount "142"]
[EventDate "2023.11.13"]
[EventType "swiss"]
[EventCountry "ITA"]
[SourceTitle "playchess.com"]
[Source "ChessBase"]
[SourceQuality "1"]
[TimeControl "40/5400+30:1800+30"]

1. Nf3 g6 2. c4 Bg7 3. g3 e5 4. Nc3 f5 5. d4 e4 6. Nh4 {[%cal Bf3h4,Bh4g2,Bg2f4][%mdl 32] A21: English Opening: 1...e5 2 Nc3.} Nc6 7. e3 Nf6 8. Ng2 d6 9. Nf4 Ne7 10. h4 {[#]} Bh6 $146 ({Predecessor:} 10... O-O 11. h5 g5 12. h6 Bh8 13. Nh3 g4 14. Nf4 Ng6 15. b4 Nxf4 16. gxf4 Be6 {0-1 Lisenko,A (2355)-Tseshkovsky,V (2520) Sverdlovsk 1989}) 11. Be2 c6 12. Bd2 d5 13. b4 dxc4 14. Bxc4 Ned5 15. Nfxd5 cxd5 16. Be2 O-O 17. Qb3 Rf7 18. a4 Bf8 19. a5 h6 20. b5 Be6 21. Na2 Rc8 22. Bb4 Bg7 23. Nc3 Ng4 24. Bxg4 fxg4 25. Nxe4 {[%mdl 64] [#] Nd6 would be deadly. Pin} Rc4 26. Nd2 ({Much weaker is} 26. Nd6 Rxb4 27. Qxb4 Bf8 $15) 26... Qd7 27. Ba3 Rc8 28. O-O Bf6 29. Rac1 Ra8 30. b6 ({Better is} 30. Bc5 $16) 30... axb6 $14 31. axb6 Bd8 {Prevents Rc7.} 32. Bc5 h5 33. Ra1 Rxa1 (33... Rb8 $14) 34. Rxa1 $16 g5 {Black is weak on the dark squares} 35. hxg5 Bxg5 36. Ra8+ Kh7 $1 37. Qa4 (37. Qb4 {looks sharper.} Qc6 38. Rf8 Rxf8 39. Bxf8 Bd8 40. Bc5) 37... Qxa4 38. Rxa4 h4 {[#] Hoping for ...hxg3.} 39. Nf1 Bf5 40. Bd6 {White wants to play Ra5.} Bd8 (40... h3 $11 {remains equal.}) 41. Rb4 (41. gxh4 $16 {aiming for Ra5.} Bxh4 42. Ng3) 41... Kg6 42. gxh4 Bxh4 43. Ng3 Bxg3 44. Bxg3 $11 {[%mdl 4096] Endgame KRB-KRB} Bd7 45. Rb1 Rf6 46. Bc7 Kf5 47. Ra1 Ke4 48. Kg2 Kd3 49. Ra7 Bc6 50. Ra3+ Kc4 51. Ra8 Kb5 52. Rd8 Rg6 53. Kg3 {White is more active.} Rf6 54. Rg8 ({Don't do} 54. Kxg4 Rxf2 55. e4 Kc4 $14) (54. Bf4 $16) 54... Bd7 $14 55. Rg7 Rf3+ 56. Kg2 Bf5 57. Kf1 ({White should try} 57. Rf7 $14) 57... Rh3 $1 $11 {The position is equal.} 58. Rg5 Bd3+ 59. Ke1 Kc4 {Strongly threatening ...Kc3.} 60. Rxg4 Rh1+ 61. Kd2 Rb1 62. f3 Rb2+ 63. Ke1 Re2+ 64. Kf1 Rxe3+ 65. Kf2 Re6 66. Bd8 Rd6 67. Bc7 Re6 68. Kg3 Rg6 69. Rxg6 Bxg6 70. Be5 Kb5 71. Bc7 Kc4 {Weighted Error Value: White=0.11 (very precise) /Black=0.09 (flawless)} 1/2-1/2

[Event "FIDE WYCC Open U18 2023"]
[Site "Montesilvano"]
[Date "2023.11.20"]
[Round "7.3"]
[White "Galaviz Medina, Sion Radamantys"]
[Black "Mayank Chakraborty"]
[Result "0-1"]
[ECO "E48"]
[WhiteElo "2461"]
[BlackElo "2368"]
[Annotator "RC"]
[PlyCount "76"]
[EventDate "2023.11.13"]
[EventType "swiss"]
[EventCountry "ITA"]
[SourceTitle "playchess.com"]
[Source "ChessBase"]
[SourceQuality "1"]
[TimeControl "40/5400+30:1800+30"]

1. d4 Nf6 2. c4 e6 3. Nc3 Bb4 4. e3 O-O 5. Bd3 d5 6. cxd5 exd5 7. a3 Bd6 8. Qc2 c6 9. Nge2 Re8 10. Bd2 a5 11. f3 c5 12. Nb5 b6 13. O-O Ba6 14. dxc5 bxc5 15. Nxd6 Qxd6 16. Bxa6 Nxa6 17. Rad1 Qb6 18. Bc1 c4 19. Nc3 Rad8 20. Qf2 Nc5 21. e4 d4 22. Rxd4 Nd3 23. Rxd3 Qxf2+ 24. Rxf2 Rxd3 25. Rc2 Nd7 26. Kf2 Ne5 27. Bf4 f6 28. Na4 Rd4 29. Ke2 Rb8 30. Bd2 Rd7 31. Nc5 Ra7 32. f4 Nf7 33. Kf3 Rc7 34. Na6 Rb3+ 35. Rc3 Rc6 36. Rxb3 cxb3 37. Nb8 Rc2 38. Ke3 Rxb2 0-1

[Event "FIDE WYCC Open U18 2023"]
[Site "Montesilvano"]
[Date "2023.11.20"]
[Round "7.4"]
[White "Wong, Zhenyong Jayden"]
[Black "Dzida, Kamil"]
[Result "1/2-1/2"]
[ECO "A13"]
[WhiteElo "2356"]
[BlackElo "2399"]
[Annotator "RC"]
[PlyCount "70"]
[EventDate "2023.11.13"]
[EventType "swiss"]
[EventCountry "ITA"]
[SourceTitle "playchess.com"]
[Source "ChessBase"]
[SourceQuality "1"]
[TimeControl "40/5400+30:1800+30"]

1. Nf3 Nf6 2. c4 e6 3. g3 d5 4. Bg2 d4 5. O-O Nc6 6. e3 Be7 7. a3 a5 8. exd4 Nxd4 9. Nc3 O-O 10. d3 Nxf3+ 11. Qxf3 e5 12. Re1 c6 13. h3 Qc7 14. Rb1 Be6 15. b4 axb4 16. axb4 Rad8 17. g4 Qd7 18. Bf1 b5 19. g5 Ne8 20. Ne4 Bf5 21. Be3 Nd6 22. Nc5 Qc8 23. Rbc1 f6 24. Bg2 bxc4 25. dxc4 e4 26. Qg3 Bg6 27. gxf6 Bxf6 28. Bf4 Nf5 29. Qg4 Nh4 30. Qe6+ Kh8 31. Qxc8 Rxc8 32. Nd7 Rf7 33. Nxf6 Rxf6 34. Bg5 Nxg2 35. Kxg2 Rf5 1/2-1/2

[Event "FIDE WYCC Open U18 2023"]
[Site "Montesilvano"]
[Date "2023.11.20"]
[Round "7.5"]
[White "Bacojo, Mark Jay"]
[Black "Nguyen, Quoc Hy"]
[Result "1-0"]
[ECO "B31"]
[WhiteElo "2335"]
[BlackElo "2392"]
[Annotator "RC"]
[PlyCount "91"]
[EventDate "2023.11.13"]
[EventType "swiss"]
[EventCountry "ITA"]
[SourceTitle "playchess.com"]
[Source "ChessBase"]
[SourceQuality "1"]
[TimeControl "40/5400+30:1800+30"]

1. e4 c5 2. Nf3 Nc6 3. Bb5 g6 4. O-O Bg7 5. Re1 e5 6. Bxc6 dxc6 7. d3 Qc7 8. a4 a5 9. Be3 b6 10. Na3 Nf6 11. Nc4 Nd7 12. Qd2 h6 13. h4 Ba6 14. c3 Bxc4 15. dxc4 f5 16. exf5 gxf5 17. Rad1 O-O-O 18. Qd6 e4 19. Bf4 Qxd6 20. Rxd6 Bf6 21. Red1 Nb8 22. Ne5 Be7 23. Rxd8+ Rxd8 24. Rxd8+ Bxd8 25. Nf7 Bc7 26. Bxc7 Kxc7 27. Nxh6 f4 28. g4 Nd7 29. g5 Ne5 30. Kg2 Kd7 31. h5 Ke6 32. g6 Kf6 33. Nf5 Ng4 34. g7 Kf7 35. h6 Nf6 36. Ne7 Kxe7 37. h7 Nxh7 38. g8=Q Nf6 39. Qg7+ Ke6 40. Qc7 e3 41. fxe3 fxe3 42. Qxc6+ Kf5 43. Kf3 e2 44. Kxe2 Ke5 45. Qxb6 Ne4 46. Qxa5 1-0

[Event "FIDE WYCC Open U18 2023"]
[Site "Montesilvano"]
[Date "2023.11.20"]
[Round "7.6"]
[White "Czernek, Tymon"]
[Black "Bai, Adelard"]
[Result "*"]
[ECO "C55"]
[WhiteElo "2329"]
[BlackElo "2384"]
[Annotator "RC"]
[PlyCount "64"]
[EventDate "2023.11.13"]
[EventType "swiss"]
[EventCountry "ITA"]
[SourceTitle "playchess.com"]
[Source "ChessBase"]
[SourceQuality "1"]
[TimeControl "40/5400+30:1800+30"]

1. e4 e5 2. Nf3 Nc6 3. Bc4 Nf6 4. d3 h6 5. O-O d6 6. c3 g5 7. a4 a6 8. a5 Bg7 9. Nbd2 Ne7 10. d4 Ng6 11. h3 g4 12. hxg4 Nxg4 13. Re1 Qe7 14. Nf1 Be6 15. Qa4+ Bd7 16. Qb3 O-O-O 17. Ne3 Nf4 18. Nf5 Qf6 19. Bxf4 exf4 20. Bd5 c6 21. Bxf7 d5 22. exd5 Bxf5 23. Be6+ Bxe6 24. Rxe6 Qf7 25. dxc6 Rhe8 26. Qxb7+ Qxb7 27. cxb7+ Kb8 28. Rg6 h5 29. Rxg7 Re2 30. d5 Rde8 31. d6 R2e6 32. Rd1 Re4 *

[Event "FIDE WYCC Open U18 2023"]
[Site "Montesilvano"]
[Date "2023.11.20"]
[Round "7.7"]
[White "Eidelman, Gabriel"]
[Black "Cesar Maestre, Bernardo"]
[Result "1/2-1/2"]
[ECO "B90"]
[WhiteElo "2284"]
[BlackElo "2373"]
[Annotator "RC"]
[PlyCount "60"]
[EventDate "2023.11.13"]
[EventType "swiss"]
[EventCountry "ITA"]
[SourceTitle "playchess.com"]
[Source "ChessBase"]
[SourceQuality "1"]
[TimeControl "40/5400+30:1800+30"]

1. e4 c5 2. Nf3 d6 3. d4 cxd4 4. Nxd4 Nf6 5. Nc3 a6 6. Be3 e5 7. Nb3 Be7 8. f3 Be6 9. Qd2 h5 10. Nd5 Bxd5 11. exd5 Nbd7 12. O-O-O Qc7 13. c4 a5 14. Kb1 a4 15. Na1 a3 16. b3 O-O 17. Nc2 Rfc8 18. Rc1 Nc5 19. Be2 b6 20. Nb4 Nfd7 21. g4 h4 22. Nc6 Bf8 23. f4 exf4 24. Bxf4 Re8 25. Rhe1 g6 26. Qc2 Bg7 27. Bf3 Nf6 28. Bd2 h3 29. g5 Nfd7 30. Rxe8+ Rxe8 1/2-1/2

[Event "FIDE WYCC Open U18 2023"]
[Site "Montesilvano"]
[Date "2023.11.20"]
[Round "7.8"]
[White "Bicer, Atakan Mert"]
[Black "Prraneeth Vuppala"]
[Result "*"]
[ECO "C78"]
[WhiteElo "2318"]
[BlackElo "2512"]
[Annotator "RC"]
[PlyCount "79"]
[EventDate "2023.11.13"]
[EventType "swiss"]
[EventCountry "ITA"]
[SourceTitle "playchess.com"]
[Source "ChessBase"]
[SourceQuality "1"]
[TimeControl "40/5400+30:1800+30"]

1. e4 e5 2. Nf3 Nc6 3. Bb5 a6 4. Ba4 Nf6 5. O-O b5 6. Bb3 Bc5 7. c3 d6 8. d4 Bb6 9. h3 h6 10. Re1 O-O 11. Bc2 Bb7 12. d5 Ne7 13. Nbd2 Ng6 14. b3 c6 15. c4 Rc8 16. Nf1 Bc5 17. Ne3 Qb6 18. a3 bxc4 19. bxc4 a5 20. g3 Ba6 21. Rb1 Qa7 22. Qd2 cxd5 23. cxd5 Rc7 24. Bd3 Rfc8 25. Bb2 a4 26. Bxa6 Qxa6 27. Ng4 Nxg4 28. hxg4 Bb6 29. Rec1 Rc4 30. Rxc4 Rxc4 31. Qe1 Rc2 32. Bc1 Bxf2+ 33. Qxf2 Rxf2 34. Kxf2 Qd3 35. Rb4 Kh7 36. Nd2 Nf8 37. Rxa4 Nd7 38. Rc4 Nf6 39. a4 Nxg4+ 40. Ke1 *

[Event "FIDE WYCC Open U18 2023"]
[Site "Montesilvano"]
[Date "2023.11.20"]
[Round "7.9"]
[White "Ohanyan, Emin"]
[Black "Stepanencu, Nicodim-Cosmin"]
[Result "1-0"]
[ECO "D37"]
[WhiteElo "2466"]
[BlackElo "2289"]
[Annotator "RC"]
[PlyCount "81"]
[EventDate "2023.11.13"]
[EventType "swiss"]
[EventCountry "ITA"]
[SourceTitle "playchess.com"]
[Source "ChessBase"]
[SourceQuality "1"]
[TimeControl "40/5400+30:1800+30"]

1. d4 Nf6 2. c4 e6 3. Nf3 d5 4. Nc3 Be7 5. Bf4 O-O 6. e3 b6 7. Bd3 Bb7 8. O-O a6 9. cxd5 exd5 10. Rc1 c5 11. Bb1 h6 12. Ne5 Nc6 13. Re1 Re8 14. Qf3 Bd6 15. Nxc6 Bxc6 16. Ne2 Rc8 17. Ng3 Ne4 18. Bxd6 Qxd6 19. Red1 c4 20. Bxe4 dxe4 21. Qg4 Bd5 22. Qxg7+ Kxg7 23. Nf5+ Kf6 24. Nxd6 b5 25. Nxc8 Rxc8 26. b4 a5 27. bxa5 Ra8 28. a3 Rxa5 29. Rc3 Ke6 30. Kf1 Kd6 31. Ke2 Kc6 32. Rb1 f5 33. f3 Ra7 34. Kf2 Ra8 35. Kg3 Rg8+ 36. Kf4 Rxg2 37. Kxf5 Rf2 38. f4 Rd2 39. Ke5 Rd3 40. Rbc1 Bg8 41. Kxe4 1-0

[Event "FIDE WYCC Open U18 2023"]
[Site "Montesilvano"]
[Date "2023.11.20"]
[Round "7.10"]
[White "Chyzy, Jakub"]
[Black "Razafindratsima, Timothe"]
[Result "*"]
[ECO "B31"]
[WhiteElo "2286"]
[BlackElo "2462"]
[Annotator "RC"]
[PlyCount "69"]
[EventDate "2023.11.13"]
[EventType "swiss"]
[EventCountry "ITA"]
[SourceTitle "playchess.com"]
[Source "ChessBase"]
[SourceQuality "1"]
[TimeControl "40/5400+30:1800+30"]

1. e4 c5 2. Nf3 Nc6 3. Bb5 g6 4. O-O Bg7 5. Re1 Nf6 6. Bxc6 dxc6 7. d3 O-O 8. h3 Ne8 9. e5 Nc7 10. a4 a5 11. Nbd2 h6 12. Nc4 Ne6 13. b3 b6 14. Bb2 Ra7 15. Qd2 Rd7 16. Re4 Qc7 17. Rae1 Rdd8 18. Rh4 g5 19. Rhe4 Nf4 20. Rxf4 gxf4 21. Qxf4 b5 22. Ncd2 f5 23. Nf1 c4 24. bxc4 bxa4 25. c5 Be6 26. Ng3 Rb8 27. Nd4 Qd7 28. Bc3 Kh7 29. Nh5 Rf7 30. Qh4 a3 31. Nf4 a2 32. Ndxe6 Rb1 33. Kf1 Kg8 34. Qh5 Qc8 35. Nxg7 *

[Event "FIDE WYCC Open U18 2023"]
[Site "Montesilvano"]
[Date "2023.11.20"]
[Round "7.11"]
[White "Arfan, Aditya Bagus"]
[Black "Paduano, Claudio"]
[Result "*"]
[ECO "A06"]
[WhiteElo "2415"]
[BlackElo "2188"]
[Annotator "RC"]
[PlyCount "56"]
[EventDate "2023.11.13"]
[EventType "swiss"]
[EventCountry "ITA"]
[SourceTitle "playchess.com"]
[Source "ChessBase"]
[SourceQuality "1"]
[TimeControl "40/5400+30:1800+30"]

1. Nf3 d5 2. b3 c5 3. Bb2 Nc6 4. g3 Qc7 5. Bg2 e5 6. O-O f5 7. c4 d4 8. e3 Bd6 9. exd4 exd4 10. Na3 Nge7 11. Nb5 Qd8 12. Nxd6+ Qxd6 13. d3 O-O 14. Bc1 h6 15. Bf4 Qf6 16. h4 Ng6 17. Qd2 Bd7 18. a3 a5 19. Rfe1 Rfc8 20. h5 Nxf4 21. Qxf4 a4 22. Ne5 Be8 23. b4 cxb4 24. axb4 Bxh5 25. Nd7 Qg5 26. Qxg5 hxg5 27. b5 Nb4 28. Bxb7 Nc2 *

[Event "FIDE WYCC Open U18 2023"]
[Site "Montesilvano"]
[Date "2023.11.20"]
[Round "7.12"]
[White "Lamaze, Simon"]
[Black "Schouten, Mathias Lind"]
[Result "0-1"]
[ECO "B67"]
[WhiteElo "2415"]
[BlackElo "2175"]
[Annotator "RC"]
[PlyCount "80"]
[EventDate "2023.11.13"]
[EventType "swiss"]
[EventCountry "ITA"]
[SourceTitle "playchess.com"]
[Source "ChessBase"]
[SourceQuality "1"]
[TimeControl "40/5400+30:1800+30"]

1. e4 c5 2. Nf3 d6 3. d4 cxd4 4. Nxd4 Nf6 5. Nc3 Nc6 6. Bg5 e6 7. Qd2 a6 8. O-O-O Bd7 9. Kb1 Be7 10. f3 O-O 11. Nxc6 Bxc6 12. h4 b5 13. Ne2 Qc7 14. Nd4 Rfc8 15. Nxc6 Qxc6 16. Bd3 Rab8 17. g4 b4 18. h5 a5 19. Be3 Nd7 20. g5 Ne5 21. f4 Nc4 22. Bxc4 Qxc4 23. Qd3 a4 24. b3 axb3 25. axb3 Qb5 26. Rhg1 Qa5 27. Bd4 Ra8 28. Rg3 e5 29. Bb2 exf4 30. Qd4 Bf6 31. gxf6 fxg3 32. Rd3 Qg5 33. Qg1 g2 34. Rf3 Qxh5 35. Qxg2 g6 36. Rf1 Qa5 37. Qh3 Qc5 38. Rc1 h5 39. Qd3 Qb6 40. Qd2 Qa6 0-1

[Event "FIDE WYCC Open U18 2023"]
[Site "Montesilvano"]
[Date "2023.11.20"]
[Round "7.13"]
[White "Chen, Hongsen"]
[Black "Colbow, Collin"]
[Result "*"]
[ECO "D50"]
[WhiteElo "2061"]
[BlackElo "2403"]
[Annotator "RC"]
[PlyCount "67"]
[EventDate "2023.11.13"]
[EventType "swiss"]
[EventCountry "ITA"]
[SourceTitle "playchess.com"]
[Source "ChessBase"]
[SourceQuality "1"]
[TimeControl "40/5400+30:1800+30"]

1. c4 e6 2. Nc3 d5 3. d4 Nf6 4. Bg5 dxc4 5. e3 c5 6. dxc5 Qxd1+ 7. Rxd1 Bxc5 8. Bxc4 a6 9. a4 b6 10. Be2 Nbd7 11. Bf3 Ra7 12. Ke2 Ke7 13. Bf4 h6 14. h4 a5 15. Bc6 Ba6+ 16. Kf3 e5 17. Bg3 Rc8 18. Bb5 e4+ 19. Ke2 Bb4 20. Bxa6 Rxa6 21. Nh3 Bxc3 22. Bd6+ Ke8 23. bxc3 Rxc3 24. Rc1 Nd5 25. Nf4 Nxf4+ 26. exf4 Rxc1 27. Rxc1 Ra8 28. f5 Rd8 29. Rc4 Nf6 30. Be5 Ke7 31. Rc6 Rd5 32. Bxf6+ gxf6 33. Rxb6 Rxf5 34. Rb7+ *

[Event "FIDE WYCC Open U18 2023"]
[Site "Montesilvano"]
[Date "2023.11.20"]
[Round "7.14"]
[White "Elmi, Saad Abobaker"]
[Black "Briem, Benedikt"]
[Result "*"]
[ECO "C54"]
[WhiteElo "2321"]
[BlackElo "2149"]
[Annotator "RC"]
[PlyCount "72"]
[EventDate "2023.11.13"]
[EventType "swiss"]
[EventCountry "ITA"]
[SourceTitle "playchess.com"]
[Source "ChessBase"]
[SourceQuality "1"]
[TimeControl "40/5400+30:1800+30"]

1. e4 e5 2. Nf3 Nc6 3. Bc4 Bc5 4. d3 Nf6 5. c3 O-O 6. O-O d5 7. exd5 Nxd5 8. b4 Be7 9. Re1 Bg4 10. a4 Bf6 11. Ra3 h6 12. a5 a6 13. Nbd2 Bg5 14. Qc2 Bf4 15. g3 Bxd2 16. Nxd2 Nf6 17. Ne4 Nxe4 18. dxe4 Qf6 19. Be3 Rfd8 20. f4 exf4 21. gxf4 Bf3 22. e5 Qh4 23. Qf2 Qh5 24. Bc5 Qg4+ 25. Qg3 Qxg3+ 26. hxg3 Rd2 27. Ra2 Rad8 28. Be3 Rxa2 29. Bxa2 Rd3 30. Kf2 Bg4 31. Rc1 Ne7 32. Bb1 Rd8 33. Be4 c6 34. c4 Nf5 35. b5 cxb5 36. cxb5 axb5 *

[Event "FIDE WYCC Open U18 2023"]
[Site "Montesilvano"]
[Date "2023.11.20"]
[Round "7.15"]
[White "Loftgaard, Mikkel Vinh"]
[Black "Kostolansky, Sebastian Lukas"]
[Result "1-0"]
[ECO "B22"]
[WhiteElo "2225"]
[BlackElo "2427"]
[Annotator "RC"]
[PlyCount "61"]
[EventDate "2023.11.13"]
[EventType "swiss"]
[EventCountry "ITA"]
[SourceTitle "playchess.com"]
[Source "ChessBase"]
[SourceQuality "1"]
[TimeControl "40/5400+30:1800+30"]

1. e4 c5 2. Nf3 e6 3. c3 Nf6 4. e5 Nd5 5. d4 cxd4 6. cxd4 d6 7. Bc4 Be7 8. O-O O-O 9. Qe2 dxe5 10. dxe5 Bd7 11. Rd1 Bc6 12. Bxd5 Bxd5 13. Nc3 Bxf3 14. Qxf3 Qb6 15. Qg3 Kh8 16. Ne4 Nc6 17. b3 Rad8 18. Bb2 Qa6 19. Nd6 Kg8 20. Rd2 Bxd6 21. exd6 f6 22. Qg4 e5 23. Qe6+ Rf7 24. Rad1 Kf8 25. d7 Nb8 26. Rd6 Rfxd7 27. a4 Rxd6 28. Ba3 g6 29. Bxd6+ Rxd6 30. Rd3 Qa5 31. Rxd6 1-0

[Event "FIDE WYCC Open U18 2023"]
[Site "Montesilvano"]
[Date "2023.11.20"]
[Round "7.16"]
[White "Liu, Casper"]
[Black "Tadic, Stefan"]
[Result "1/2-1/2"]
[ECO "A73"]
[WhiteElo "2260"]
[BlackElo "2407"]
[Annotator "RC"]
[PlyCount "60"]
[EventDate "2023.11.13"]
[EventType "swiss"]
[EventCountry "ITA"]
[SourceTitle "playchess.com"]
[Source "ChessBase"]
[SourceQuality "1"]
[TimeControl "40/5400+30:1800+30"]

1. d4 Nf6 2. c4 e6 3. Nf3 c5 4. d5 exd5 5. cxd5 d6 6. Nc3 g6 7. Nd2 Bg7 8. e4 O-O 9. Be2 Na6 10. O-O Nc7 11. a4 a6 12. Nc4 b5 13. axb5 axb5 14. Rxa8 Nxa8 15. Nxb5 Nxe4 16. Bf4 Qf6 17. Bxd6 Nxd6 18. Nbxd6 Ba6 19. Qa4 Nc7 20. Ne4 Qd4 21. d6 Qxe4 22. dxc7 Bxc4 23. Bxc4 Qe7 24. Qa7 Rc8 25. b3 Qxc7 26. Qxc7 Rxc7 27. Re1 Kf8 28. g3 Bd4 29. Kg2 Re7 30. Rxe7 Kxe7 1/2-1/2

[Event "FIDE WYCC Open U18 2023"]
[Site "Montesilvano"]
[Date "2023.11.20"]
[Round "7.17"]
[White "Davtyan, Arsen"]
[Black "Kasipour Azbari, Seyed Arvin"]
[Result "1/2-1/2"]
[ECO "B30"]
[WhiteElo "2406"]
[BlackElo "2261"]
[Annotator "RC"]
[PlyCount "203"]
[EventDate "2023.11.13"]
[EventType "swiss"]
[EventCountry "ITA"]
[SourceTitle "playchess.com"]
[Source "ChessBase"]
[SourceQuality "1"]
[TimeControl "40/5400+30:1800+30"]

1. e4 c5 2. Nf3 Nc6 3. Bc4 e6 4. O-O d5 5. exd5 exd5 6. Re1+ Be7 7. Bb5 Nf6 8. d4 O-O 9. h3 Ne4 10. Be3 Qb6 11. a4 c4 12. b3 cxb3 13. cxb3 Bf5 14. Bxc6 Qxc6 15. Ne5 Qb6 16. Nf3 Qc6 17. Ne5 Qc7 18. Nf3 Qc6 19. Ne5 Qc7 20. Qf3 Be6 21. Qd1 Bf5 22. Qf3 Be6 23. Qd1 Bf5 24. Qf3 Be6 25. Rc1 Bf5 26. Re1 Be6 27. Rc1 Qa5 28. Re1 Qc7 29. Rc1 Qa5 30. Nc3 Nxc3 31. Bd2 Bb4 32. Bxc3 Rac8 33. Bd2 Ra8 34. Bc3 Rac8 35. Bd2 Ra8 36. Bc3 Rac8 37. Bxb4 Qxb4 38. Qe3 Qa5 39. Qf3 Qb4 40. Qe3 Qa5 41. Qf3 Qb4 42. Qe3 Bf5 43. Qf3 Be4 44. Qd1 Bf5 45. Qf3 Be4 46. Qd1 Bf5 47. h4 f6 48. Ng4 Bxg4 49. Qxg4 f5 50. Qe2 Rce8 51. Qb5 Qxd4 52. Rd1 Qxh4 53. Qxb7 Qd4 54. Qb5 Qh4 55. Qb7 f4 56. Qxd5+ Kh8 57. Qf3 Re6 58. Qb7 Ree8 59. Qf3 Re6 60. g3 Qe7 61. g4 Rg6 62. Rd5 Qh4 63. g5 Rxg5+ 64. Rxg5 Qxg5+ 65. Kf1 Qf6 66. Rc1 h6 67. Rc4 Qe5 68. Rc1 Qf6 69. Rc4 Qe5 70. Rc1 Qf6 71. Rc4 Qe5 72. b4 Qa1+ 73. Kg2 Qxa4 74. Rxf4 Rxf4 75. Qxf4 Qc6+ 76. Kh2 Qa4 77. Kg2 Qc6+ 78. Kh2 Kh7 79. Qd4 a6 80. Qf4 Qf6 81. Qe4+ Qg6 82. Qd4 h5 83. Qc4 Kh6 84. Qf4+ Kh7 85. Qc4 Kh6 86. Qf4+ Kh7 87. Qc4 Kh6 88. b5 axb5 89. Qxb5 Qd6+ 90. Kg2 Qf4 91. Qb6+ g6 92. Qb2 Qg4+ 93. Kh2 Qf4+ 94. Kg2 Qg4+ 95. Kh2 h4 96. Qh8+ Kg5 97. Qd8+ Kh6 98. Qh8+ Kg5 99. Qd8+ Kh6 100. Qh8+ Kg5 101. Qd8+ Kf5 102. Qd7+ 1/2-1/2

[Event "FIDE WYCC Open U18 2023"]
[Site "Montesilvano"]
[Date "2023.11.20"]
[Round "7.18"]
[White "Mierins, Emils Janis"]
[Black "Amilal Munkhdalai"]
[Result "0-1"]
[ECO "E04"]
[WhiteElo "2208"]
[BlackElo "2404"]
[Annotator "RC"]
[PlyCount "150"]
[EventDate "2023.11.13"]
[EventType "swiss"]
[EventCountry "ITA"]
[SourceTitle "playchess.com"]
[Source "ChessBase"]
[SourceQuality "1"]
[TimeControl "40/5400+30:1800+30"]

1. d4 Nf6 2. c4 e6 3. Nf3 d5 4. g3 dxc4 5. Bg2 a6 6. O-O Nc6 7. e3 Bd7 8. Qe2 b5 9. b3 cxb3 10. axb3 Be7 11. Bb2 O-O 12. Rc1 Ra7 13. Nc3 Nb4 14. Ne5 Nc6 15. Nf3 Nb4 16. Ne5 Nc6 17. Nf3 Nb4 18. Ne5 c6 19. Ne4 Nfd5 20. Nc5 Bxc5 21. Rxc5 f6 22. Nf3 a5 23. Ba3 Qb6 24. Bb2 Qd8 25. Ba3 Qb6 26. Qd2 Rfa8 27. e4 Nc7 28. Bh3 Nca6 29. Rh5 Nc7 30. Rc5 Nca6 31. Rh5 c5 32. Bb2 Be8 33. dxc5 Nxc5 34. Rxc5 Qxc5 35. Bxe6+ Kh8 36. Bd4 Qe7 37. Bxa7 Qxe6 38. Nd4 Qe7 39. Rd1 Qe6 40. Ra1 Qxe4 41. Re1 Qd5 42. Qe2 Bc6 43. Nxc6 Nxc6 44. Rd1 Qxb3 45. Bc5 h6 46. Kg2 a4 47. Rd6 Ne5 48. Rd1 Nc6 49. Rd6 Ne5 50. Qe4 Rc8 51. Bd4 Qc4 52. Qf5 Qb3 53. Qe4 Qc4 54. Qf5 Qb3 55. Qe4 Qc4 56. Qf5 Re8 57. Qe4 Rc8 58. Qf5 Re8 59. Qe4 Rc8 60. Qf5 Re8 61. f4 Qe2+ 62. Kh3 Nf3 63. Bc5 Ne5 64. Bd4 Nf3 65. Bc5 Qxh2+ 66. Kg4 Qe2 67. Kh3 Qh2+ 68. Kg4 Qe2 69. Kh3 Qh2+ 70. Kg4 Qe2 71. Kh3 Qh2+ 72. Kg4 Qe2 73. Kh3 a3 74. Qb1 a2 75. Qa1 h5 0-1

[Event "FIDE WYCC Open U18 2023"]
[Site "Montesilvano"]
[Date "2023.11.20"]
[Round "7.19"]
[White "Chinguun Bayaraa"]
[Black "Domalchuk-Jonasson, Aleksandr"]
[Result "0-1"]
[ECO "C01"]
[WhiteElo "2193"]
[BlackElo "2403"]
[Annotator "RC"]
[PlyCount "68"]
[EventDate "2023.11.13"]
[EventType "swiss"]
[EventCountry "ITA"]
[SourceTitle "playchess.com"]
[Source "ChessBase"]
[SourceQuality "1"]
[TimeControl "40/5400+30:1800+30"]

1. d4 e6 2. e4 d5 3. exd5 exd5 4. Nf3 Bd6 5. Bd3 Ne7 6. O-O O-O 7. Re1 Nbc6 8. c3 Bf5 9. b4 a6 10. a4 Qd7 11. Be3 Rfe8 12. Rf1 Rf8 13. Re1 Qd8 14. Bc1 Qd7 15. Be3 Rfe8 16. Bf1 Bg6 17. Bd3 Bf5 18. Bf1 Bg6 19. Bd3 Bf5 20. Bf1 Bg6 21. Nh4 Bf5 22. Nf3 Bg6 23. Nh4 Bf5 24. Nf3 Bg6 25. Nh4 Bf5 26. Nf3 Bg6 27. Nh4 Nf5 28. Nf3 Nfe7 29. Nh4 Nf5 30. Nf3 Nfe7 31. Nh4 Nf5 32. Qg4 Re4 33. f4 Bxf4 34. Bxf4 Rxe1 0-1